Panthers vs Bruins
(R3)
Created - 30 janvier 2017 at 19:06
Goals
|
| Panthers |
0 |
2 |
0 |
2 |
| Bruins |
0 |
1 |
0 |
1 |
|
Shots
|
| Panthers |
13 |
10 |
7 |
30 |
| Bruins |
14 |
6 |
10 |
30 |
|
1st period
No Goal
Penalties :
Oliver Ekman-Larsson (Flo) for Cross-checking (Minor) at 8:03, Guillaume Latendresse (Flo) for Cross-checking (Minor) at 8:19, Erik Condra (Bos) for Slashing (Double Minor) at 11:46, Steve Montador (Flo) for Cross-checking (Minor) at 11:58, Andrew Alberts (Bos) for Tripping (Minor) at 12:19, Guillaume Latendresse (Flo) for Hooking (Minor) at 19:30
2nd period
1. Panthers , Alexander Perezhogin 8 (Shawn Horcoff, Guillaume Latendresse) at 10:21
2. Panthers , Sergei Samsonov 12 (Scott Gomez, Peter Prucha) at 17:12 (PP)
3. Bruins , Mark Stuart 5 (Daniel Sedin, Adam Pineault) at 19:34 (PP)
Penalties :
Ryan Bayda (Flo) for Roughing (Minor) at 3:22, Wojtek Wolski (Bos) for Boarding (Minor) at 8:13, Andrew Alberts (Bos) for Hooking (Minor) at 10:43, Jeff Tambellini (Flo) for Tripping (Minor) at 13:01, Victor Oreskovich (Bos) for Interference (Minor) at 16:35, Mike Fisher (Flo) for Hooking (Minor) at 18:57
3rd period
No Goal
Penalties :
Daniel Sedin (Bos) for Tripping (Minor) at 0:14, Mark Stuart (Bos) for Holding (Minor) at 6:39, Victor Oreskovich (Bos) for High sticking (Minor) at 13:50, Viktor Stalberg (Bos) for Hooking (Minor) at 16:09
Goalie Stats
Antti Niemi (Flo), 29 saves from 30 shots - (0,967), W, 15-11-3, 60:00 minutes
Roberto Luongo (Bos), 28 saves from 30 shots - (0,933), L, 14-15-0, 58:52 minutes
Players Stats for Panthers
Player Name G A P +/- PIM S H SB GA TA FO MP PP MP PK MP
------------------------------------------------------------------------------------
Alexander Perezhogin 1 0 1 1 0 1 1 0 1 0 0/0 8:07 0:00 0:06
Erik Gudbranson 0 0 0 1 0 2 0 1 1 0 0/0 18:41 5:00 0:42
Guillaume Latendresse 0 1 1 0 4 3 0 2 2 0 1/1 23:30 8:11 3:06
Jeff Tambellini 0 0 0 1 2 1 2 0 1 0 0/0 8:48 0:00 0:48
Keith Aulie 0 0 0 0 0 0 0 0 0 1 0/0 12:30 0:00 3:28
Marian Hossa 0 0 0 0 0 0 2 0 0 0 1/2 19:33 7:37 0:00
Matt Halischuk 0 0 0 0 0 1 1 0 0 0 0/0 6:25 0:00 0:00
Matthew Spiller 0 0 0 1 0 1 1 1 0 0 0/0 24:15 5:03 5:21
Mike Fisher 0 0 0 0 2 0 0 0 0 0 3/5 6:54 0:00 0:26
Nick Schultz 0 0 0 0 0 0 0 0 0 0 0/0 9:09 0:42 0:00
Oliver Ekman-Larsson 0 0 0 0 2 1 5 2 0 1 0/0 30:12 9:28 4:42
Peter Prucha 0 1 1 0 0 2 4 0 1 0 0/1 15:25 6:20 0:00
Ryan Bayda 0 0 0 0 2 3 1 0 0 0 1/1 8:56 0:10 2:15
Scott Gomez 0 1 1 0 0 7 3 0 3 1 5/14 19:39 6:20 2:16
Sergei Samsonov 1 0 1 0 0 2 3 0 0 0 0/0 17:07 6:20 1:40
Shawn Horcoff 0 1 1 1 0 0 0 0 0 0 0/4 8:01 0:00 0:00
Sidney Crosby 0 0 0 0 0 4 3 0 0 2 18/47 24:32 8:11 5:14
Steve Montador 0 0 0 0 2 2 3 4 2 0 0/0 25:38 9:12 3:28
Players Stats for Bruins
Player Name G A P +/- PIM S H SB GA TA FO MP PP MP PK MP
------------------------------------------------------------------------------------
Adam Pineault 0 1 1 0 0 1 1 0 1 0 0/0 8:27 3:59 0:06
Andrew Alberts 0 0 0 -1 4 2 3 3 0 0 0/0 27:03 4:51 6:53
Chris Kelly 0 0 0 0 0 0 1 0 0 0 1/1 1:19 0:00 0:00
Curtis Glencross 0 0 0 0 0 0 0 0 0 0 5/5 14:04 3:01 1:49
Daniel Sedin 0 1 1 0 2 0 0 1 0 1 0/1 18:11 3:59 3:36
Dave Bolland 0 0 0 -1 0 0 0 1 2 1 6/6 12:25 0:00 1:02
Daymond Langkow 0 0 0 0 0 1 1 1 0 1 4/6 8:32 0:00 3:30
Erik Condra 0 0 0 0 4 1 1 0 0 0 0/0 11:03 0:00 0:00
Henrik Sedin 0 0 0 0 0 7 4 1 0 1 19/30 25:00 4:50 8:53
Jason Demers 0 0 0 -1 0 0 1 1 0 2 0/0 30:46 4:51 10:17
Jonathan Sigalet 0 0 0 0 0 0 0 0 0 0 0/0 14:52 0:00 5:52
Justin Falk 0 0 0 0 0 1 0 2 0 0 0/0 13:07 0:00 4:07
Mark Stuart 1 0 1 0 2 2 1 1 0 2 0/0 19:18 3:58 4:48
Matt Cooke 0 0 0 -1 0 3 0 0 0 0 2/3 9:32 0:58 0:00
Nate Prosser 0 0 0 0 0 0 0 3 0 1 0/0 15:02 3:58 0:21
Victor Oreskovich 0 0 0 -1 4 4 1 0 1 0 0/1 17:42 4:50 2:54
Viktor Stalberg 0 0 0 0 2 3 0 0 1 0 0/0 10:21 0:00 0:00
Wojtek Wolski 0 0 0 0 2 5 2 0 0 2 9/22 24:38 4:50 8:29
3 Stars
1 - Antti Niemi (Flo)
2 - Alexander Perezhogin (Flo)
3 - Sergei Samsonov (Flo)
Power Play
Panthers - 1 on 10 Attempt(s) - 10,00%
Bruins - 1 on 7 Attempt(s) - 14,29%
Penalty Kill
Panthers - 6 on 7 Attempt(s) - 85,71%
- Score 0 goal in Penalty Kill
Bruins - 9 on 10 Attempt(s) - 90,00%
- Score 0 goal in Penalty Kill
Team Stat
Panthers - Hits : 29 - Faceoff Wins : 29 - Blocked Shots : 10 - Penalty Minutes : 14
Bruins - Hits : 16 - Faceoff Wins : 46 - Blocked Shots : 14 - Penalty Minutes : 20
Official
Referees : Morton Dean and Pochmara Brian
Linesman : Derek Amell and Brad Lazarowich
Game Notes
Chris Kelly is injured at 4:28 of 1st period (Bruised Right Leg)
Finance
Level 1 -- Attendance: 4574 (76,23%) -- Ticket Income 452 826 $
Level 2 -- Attendance: 3397 (67,94%) -- Ticket Income 200 423 $
Level 3 -- Attendance: 2000 (100,00%) -- Ticket Income 58 000 $
Level 4 -- Attendance: 4000 (100,00%) -- Ticket Income 76 000 $
Luxury Box -- Attendance: 704 (70,40%) -- Ticket Income 133 056 $
Game was played at the TD Banknorth Garden.
Total Attendance: 14675 (81,53%)
Total Ticket Income: 920 305 $
Other Income: 138 046 $
Total Income: 1 058 351 $
Panthers
5 vs 5 Forward
Center Left Wing Right Wing Time % Phy DF OF
1 Sidney Crosby Guillaume Latendresse Marian Hossa 40 0 2 3
2 Scott Gomez Sergei Samsonov Peter Prucha 30 0 2 3
3 Shawn Horcoff Jeff Tambellini Alexander Perezhogin 20 0 3 2
4 Mike Fisher Ryan Bayda Matt Halischuk 10 1 2 2
5 vs 5 Defense
Defense Defense Time % Phy DF OF
1 Steve Montador Oliver Ekman-Larsson 40 0 2 3
2 Matthew Spiller Erik Gudbranson 30 0 2 3
3 Keith Aulie Nick Schultz 20 1 2 2
4 Steve Montador Oliver Ekman-Larsson 10 0 2 3
PowerPlay Forward
Center Left Wing Right Wing Time % Phy DF OF
1 Sidney Crosby Guillaume Latendresse Marian Hossa 60 0 1 4
2 Scott Gomez Sergei Samsonov Peter Prucha 40 0 1 4
PowerPlay Defense
Defense Defense Time % Phy DF OF
1 Steve Montador Oliver Ekman-Larsson 60 0 2 3
2 Matthew Spiller Erik Gudbranson 40 0 2 3
Penalty Kill 4 Players Forward
Center Wing Time % Phy DF OF
1 Sidney Crosby Guillaume Latendresse 60 1 4 0
2 Scott Gomez Sergei Samsonov 40 1 4 0
Penalty Kill 4 Players Defense
Defense Defense Time % Phy DF OF
1 Oliver Ekman-Larsson Matthew Spiller 60 1 4 0
2 Keith Aulie Steve Montador 40 1 4 0
Penalty Kill - 3 Players Forward
Forward Time % Phy DF OF
1 Scott Gomez 60 1 4 0
2 Sidney Crosby 40 1 4 0
Penalty Kill - 3 Players Defense
Defense Defense Time % Phy DF OF
1 Oliver Ekman-Larsson Matthew Spiller 60 1 4 0
2 Keith Aulie Steve Montador 40 1 4 0
4 vs 4 Forward
Center Wing Time % Phy DF OF
1 Sidney Crosby Guillaume Latendresse 60 0 2 3
2 Scott Gomez Marian Hossa 40 0 2 3
4 vs 4 Defense
Defense Defense Time % Phy DF OF
1 Erik Gudbranson Oliver Ekman-Larsson 60 1 2 2
2 Matthew Spiller Keith Aulie 40 1 2 2
Last Minutes Offensive
Center Left Wing Right Wing Defense Defense
Sidney Crosby Guillaume Latendresse Marian Hossa Steve Montador Oliver Ekman-Larsson
Last Minutes Defensive
Center Left Wing Right Wing Defense Defense
Scott Gomez Guillaume Latendresse Marian Hossa Matthew Spiller Oliver Ekman-Larsson
Goaltenders
Starting : Antti Niemi
Backup : Keith Kinkaid
Extra Forwards
Normal : Scott Gomez, Guillaume Latendresse, Marian Hossa - PP : Scott Gomez, Ryan Bayda - PK : Ryan Bayda
Extra Defensemen
Normal : Keith Aulie, Erik Gudbranson, Oliver Ekman-Larsson - PP : Nick Schultz - PK : Erik Gudbranson, Steve Montador
Penalty Shots
Sidney Crosby, Sergei Samsonov, Peter Prucha, Marian Hossa, Jeff Tambellini
Bruins
5 vs 5 Forward
Center Left Wing Right Wing Time % Phy DF OF
1 Henrik Sedin Wojtek Wolski Daniel Sedin 40 1 2 2
2 Chris Kelly Matt Cooke Victor Oreskovich 30 1 2 2
3 Dave Bolland Viktor Stalberg Erik Condra 20 1 2 2
4 Daymond Langkow Curtis Glencross Adam Pineault 10 1 2 2
5 vs 5 Defense
Defense Defense Time % Phy DF OF
1 Jason Demers Andrew Alberts 40 1 2 2
2 Nate Prosser Mark Stuart 30 1 2 2
3 Justin Falk Jonathan Sigalet 20 1 2 2
4 Jason Demers Andrew Alberts 10 1 2 2
PowerPlay Forward
Center Left Wing Right Wing Time % Phy DF OF
1 Henrik Sedin Wojtek Wolski Victor Oreskovich 60 1 2 2
2 Chris Kelly Daniel Sedin Adam Pineault 40 1 2 2
PowerPlay Defense
Defense Defense Time % Phy DF OF
1 Jason Demers Andrew Alberts 60 1 2 2
2 Nate Prosser Mark Stuart 40 1 2 2
Penalty Kill 4 Players Forward
Center Wing Time % Phy DF OF
1 Wojtek Wolski Henrik Sedin 60 1 2 2
2 Daniel Sedin Victor Oreskovich 40 1 2 2
Penalty Kill 4 Players Defense
Defense Defense Time % Phy DF OF
1 Jason Demers Andrew Alberts 60 1 2 2
2 Jonathan Sigalet Mark Stuart 40 1 2 2
Penalty Kill - 3 Players Forward
Forward Time % Phy DF OF
1 Wojtek Wolski 60 1 2 2
2 Henrik Sedin 40 1 2 2
Penalty Kill - 3 Players Defense
Defense Defense Time % Phy DF OF
1 Jason Demers Andrew Alberts 60 1 2 2
2 Jonathan Sigalet Mark Stuart 40 1 2 2
4 vs 4 Forward
Center Wing Time % Phy DF OF
1 Wojtek Wolski Henrik Sedin 60 1 2 2
2 Daniel Sedin Victor Oreskovich 40 1 2 2
4 vs 4 Defense
Defense Defense Time % Phy DF OF
1 Jason Demers Andrew Alberts 60 1 2 2
2 Nate Prosser Mark Stuart 40 1 2 2
Last Minutes Offensive
Center Left Wing Right Wing Defense Defense
Henrik Sedin Wojtek Wolski Victor Oreskovich Jason Demers Andrew Alberts
Last Minutes Defensive
Center Left Wing Right Wing Defense Defense
Henrik Sedin Wojtek Wolski Victor Oreskovich Jason Demers Andrew Alberts
Goaltenders
Starting : Roberto Luongo
Backup : Karri Ramo
Extra Forwards
Normal : Curtis Glencross, Matt Cooke, Daymond Langkow - PP : Curtis Glencross, Matt Cooke - PK : Daymond Langkow
Extra Defensemen
Normal : Nate Prosser, Mark Stuart, Justin Falk - PP : Jonathan Sigalet - PK : Justin Falk, Nate Prosser
Penalty Shots
Wojtek Wolski, Henrik Sedin, Daniel Sedin, Victor Oreskovich, Chris Kelly
% Time on Ice - Panthers
Lines # - Real PCT - Wanted PCT - Time Play
Normal Forward
1 - 30% - 40% - 10:05
2 - 27% - 30% - 9:07
3 - 24% - 20% - 8:01
4 - 19% - 10% - 6:25
Normal Defense
1 - 38% - 40% - 12:51
2 - 34% - 30% - 11:35
3 - 25% - 20% - 8:27
4 - 2% - 10% - 0:45
PP Forward
1 - 56% - 60% - 8:11
2 - 44% - 40% - 6:20
PP Defense
1 - 65% - 60% - 9:28
2 - 35% - 40% - 5:03
PK Forward
1 - 81% - 60% - 5:45
2 - 19% - 40% - 1:21
PK Defense
1 - 69% - 60% - 4:55
2 - 31% - 40% - 2:11
PK3 Forward
1 - 66% - 60% - 1:08
2 - 34% - 40% - 0:35
PK3 Defense
1 - 25% - 60% - 0:26
2 - 75% - 40% - 1:17
44 Forward
1 - 55% - 60% - 1:06
2 - 45% - 40% - 0:53
44 Defense
1 - 71% - 60% - 1:24
2 - 29% - 40% - 0:35
Last Minute Offensive - 0:00
Last Minute Defensive - 1:03
Total
Forward - 60:00
Defense - 60:00
|
% Time on Ice - Bruins
Lines # - Real PCT - Wanted PCT - Time Play
Normal Forward
1 - 30% - 40% - 10:00
2 - 28% - 30% - 9:19
3 - 31% - 20% - 10:19
4 - 12% - 10% - 4:00
Normal Defense
1 - 41% - 40% - 13:42
2 - 31% - 30% - 10:24
3 - 27% - 20% - 9:00
4 - 2% - 10% - 0:32
PP Forward
1 - 55% - 60% - 4:50
2 - 45% - 40% - 3:59
PP Defense
1 - 55% - 60% - 4:51
2 - 45% - 40% - 3:58
PK Forward
1 - 72% - 60% - 10:08
2 - 28% - 40% - 4:02
PK Defense
1 - 62% - 60% - 8:51
2 - 38% - 40% - 5:19
PK3 Forward
1 - 66% - 60% - 1:18
2 - 34% - 40% - 0:41
PK3 Defense
1 - 72% - 60% - 1:26
2 - 28% - 40% - 0:33
44 Forward
1 - 100% - 60% - 0:21
2 - 0% - 40% - 0:00
44 Defense
1 - 100% - 60% - 0:21
2 - 0% - 40% - 0:00
Last Minute Offensive - 1:03
Last Minute Defensive - 0:00
Total
Forward - 60:00
Defense - 60:00
|
Play by Play
1st period
0:01 of 1st period - Henrik Sedin wins face-off versus Sidney Crosby in neutral zone.
0:16 of 1st period - Wrist shot by Wojtek Wolski.
0:16 of 1st period - Deflect By Henrik Sedin.
0:16 of 1st period - Stopped by Antti Niemi with a rebound.
0:26 of 1st period - Jason Demers is hit by Oliver Ekman-Larsson and loses puck.
0:37 of 1st period - Matt Cooke is hit by Peter Prucha and loses puck.
0:48 of 1st period - Victor Oreskovich is hit by Matt Halischuk and loses puck.
0:55 of 1st period - Matthew Spiller is hit by Chris Kelly and loses puck.
1:11 of 1st period - Off-side.
1:12 of 1st period - Dave Bolland wins face-off versus Shawn Horcoff in neutral zone.
1:19 of 1st period - Snap shot by Viktor Stalberg.
1:19 of 1st period - Shot Misses the Net.
1:42 of 1st period - Snap shot by Henrik Sedin.
1:42 of 1st period - Stopped by Antti Niemi with a rebound.
2:10 of 1st period - Daymond Langkow is hit by Peter Prucha and loses puck.
2:31 of 1st period - Wrist shot by Viktor Stalberg.
2:31 of 1st period - Stopped by Antti Niemi without a rebound.
2:32 of 1st period - Sidney Crosby wins face-off versus Wojtek Wolski in Panthers zone.
2:57 of 1st period - Jason Demers is hit by Scott Gomez and loses puck.
3:10 of 1st period - Snap shot by Scott Gomez.
3:10 of 1st period - Stopped by Roberto Luongo with a rebound.
3:24 of 1st period - Snap shot by Jeff Tambellini.
3:24 of 1st period - Stopped by Roberto Luongo with a rebound.
3:26 of 1st period - Slapshot by Oliver Ekman-Larsson.
3:26 of 1st period - Shot Blocked by Nate Prosser.
3:28 of 1st period - Slapshot by Alexander Perezhogin.
3:28 of 1st period - Shot Blocked by Dave Bolland.
3:30 of 1st period - Slapshot by Oliver Ekman-Larsson.
3:30 of 1st period - Shot Blocked by Nate Prosser.
4:05 of 1st period - Backhand shot by Wojtek Wolski.
4:05 of 1st period - Stopped by Antti Niemi without a rebound.
4:06 of 1st period - Scott Gomez wins face-off versus Henrik Sedin in Panthers zone.
4:06 of 1st period - Scott Gomez is hit by Wojtek Wolski.
4:20 of 1st period - Snap shot by Scott Gomez.
4:20 of 1st period - Stopped by Roberto Luongo without a rebound.
4:21 of 1st period - Chris Kelly wins face-off versus Sidney Crosby in Bruins zone.
4:27 of 1st period - Chris Kelly is hit by Steve Montador and loses puck.
4:28 of 1st period - Chris Kelly from Bruins is injured at 4:28 of 1st period (Bruised Right Leg).
4:29 of 1st period - Henrik Sedin wins face-off versus Sidney Crosby in neutral zone.
4:39 of 1st period - Off-side.
4:40 of 1st period - Sidney Crosby wins face-off versus Henrik Sedin in neutral zone.
5:05 of 1st period - Steve Montador is hit by Jason Demers.
5:46 of 1st period - Snap shot by Henrik Sedin.
5:46 of 1st period - Stopped by Antti Niemi with a rebound.
5:48 of 1st period - Snap shot by Henrik Sedin.
5:48 of 1st period - Stopped by Antti Niemi without a rebound.
5:49 of 1st period - Mike Fisher wins face-off versus Wojtek Wolski in Panthers zone.
6:15 of 1st period - Wrist shot by Ryan Bayda.
6:15 of 1st period - Deflect By Daniel Sedin.
6:15 of 1st period - Stopped by Roberto Luongo without a rebound.
6:16 of 1st period - Curtis Glencross wins face-off versus Sidney Crosby in Bruins zone.
6:23 of 1st period - Snap shot by Victor Oreskovich.
6:23 of 1st period - Stopped by Antti Niemi with a rebound.
6:48 of 1st period - Slapshot by Andrew Alberts.
6:48 of 1st period - Stopped by Antti Niemi without a rebound.
6:49 of 1st period - Henrik Sedin wins face-off versus Shawn Horcoff in Panthers zone.
6:55 of 1st period - Off-side.
6:56 of 1st period - Henrik Sedin wins face-off versus Shawn Horcoff in neutral zone.
7:07 of 1st period - Daniel Sedin is hit by Oliver Ekman-Larsson and loses puck.
7:29 of 1st period - Curtis Glencross is hit by Marian Hossa and loses puck.
7:44 of 1st period - Snap shot by Matt Cooke.
7:44 of 1st period - Shot Blocked by Matthew Spiller.
7:46 of 1st period - Snap shot by Matt Cooke.
7:46 of 1st period - Stopped by Antti Niemi without a rebound.
7:47 of 1st period - Dave Bolland wins face-off versus Scott Gomez in Panthers zone.
7:50 of 1st period - Snap shot by Dave Bolland.
7:50 of 1st period - Shot Misses the Net.
7:56 of 1st period - Snap shot by Victor Oreskovich.
7:56 of 1st period - Stopped by Antti Niemi without a rebound.
7:57 of 1st period - Henrik Sedin wins face-off versus Sidney Crosby in Panthers zone.
8:03 of 1st period - Minor Penalty to Oliver Ekman-Larsson for Cross-checking.
8:04 of 1st period - Henrik Sedin wins face-off versus Sidney Crosby in Panthers zone.
8:19 of 1st period - Minor Penalty to Guillaume Latendresse for Cross-checking.
8:20 of 1st period - Henrik Sedin wins face-off versus Scott Gomez in Panthers zone.
8:20 of 1st period - Slapshot by Wojtek Wolski.
8:20 of 1st period - Stopped by Antti Niemi without a rebound.
8:21 of 1st period - Henrik Sedin wins face-off versus Scott Gomez in Panthers zone.
10:03 of 1st period - Penalty to Oliver Ekman-Larsson is over, Oliver Ekman-Larsson is back on ice.
10:19 of 1st period - Penalty to Guillaume Latendresse is over, Guillaume Latendresse is back on ice.
11:15 of 1st period - Snap shot by Ryan Bayda.
11:15 of 1st period - Stopped by Roberto Luongo without a rebound.
11:16 of 1st period - Matt Cooke wins face-off versus Mike Fisher in Bruins zone.
11:31 of 1st period - Snap shot by Ryan Bayda.
11:31 of 1st period - Deflect By Matt Halischuk.
11:31 of 1st period - Stopped by Roberto Luongo with a rebound.
11:46 of 1st period - Double Minor Penalty to Erik Condra for Slashing.
11:47 of 1st period - Sidney Crosby wins face-off versus Wojtek Wolski in Bruins zone.
11:51 of 1st period - Backhand shot by Sidney Crosby.
11:51 of 1st period - Deflect By Guillaume Latendresse.
11:51 of 1st period - Stopped by Roberto Luongo with a rebound.
11:58 of 1st period - Minor Penalty to Steve Montador for Cross-checking.
11:59 of 1st period - Wojtek Wolski wins face-off versus Sidney Crosby in Panthers zone.
12:05 of 1st period - Snap shot by Henrik Sedin.
12:05 of 1st period - Shot Blocked by Erik Gudbranson.
12:16 of 1st period - Off-side.
12:17 of 1st period - Wojtek Wolski wins face-off versus Sidney Crosby in neutral zone.
12:19 of 1st period - Minor Penalty to Andrew Alberts for Tripping.
12:20 of 1st period - Sidney Crosby wins face-off versus Wojtek Wolski in Bruins zone.
12:20 of 1st period - Slapshot by Guillaume Latendresse.
12:20 of 1st period - Deflect By Sidney Crosby.
12:20 of 1st period - Shot Misses the Net.
12:20 of 1st period - Puck is out of play.
12:21 of 1st period - Wojtek Wolski wins face-off versus Sidney Crosby in Bruins zone.
12:59 of 1st period - Wrist shot by Henrik Sedin.
12:59 of 1st period - Stopped by Antti Niemi without a rebound.
13:00 of 1st period - Henrik Sedin wins face-off versus Scott Gomez in Panthers zone.
13:11 of 1st period - Snap shot by Henrik Sedin.
13:11 of 1st period - Shot Blocked by Oliver Ekman-Larsson.
13:13 of 1st period - Snap shot by Henrik Sedin.
13:13 of 1st period - Shot Misses the Net.
13:43 of 1st period - Snap shot by Scott Gomez.
13:43 of 1st period - Stopped by Roberto Luongo without a rebound.
13:44 of 1st period - Sidney Crosby wins face-off versus Wojtek Wolski in Bruins zone.
13:58 of 1st period - Penalty to Steve Montador is over, Steve Montador is back on ice.
14:19 of 1st period - Penalty to Andrew Alberts is over, Andrew Alberts is back on ice.
14:52 of 1st period - Icing by Peter Prucha.
14:53 of 1st period - Scott Gomez wins face-off versus Wojtek Wolski in Panthers zone.
15:11 of 1st period - Icing by Guillaume Latendresse.
15:12 of 1st period - Sidney Crosby wins face-off versus Daniel Sedin in Panthers zone.
15:18 of 1st period - Off-side.
15:19 of 1st period - Wojtek Wolski wins face-off versus Scott Gomez in neutral zone.
15:46 of 1st period - Penalty to Erik Condra is over, Erik Condra is back on ice.
15:50 of 1st period - Slapshot by Daniel Sedin.
15:50 of 1st period - Shot Blocked by Steve Montador.
16:10 of 1st period - Wrist shot by Sergei Samsonov.
16:10 of 1st period - Shot Blocked by Jason Demers.
16:24 of 1st period - Slapshot by Scott Gomez.
16:24 of 1st period - Stopped by Roberto Luongo with a rebound.
16:30 of 1st period - Slapshot by Scott Gomez.
16:30 of 1st period - Stopped by Roberto Luongo without a rebound.
16:31 of 1st period - Guillaume Latendresse wins face-off versus Daymond Langkow in Bruins zone.
16:40 of 1st period - Snap shot by Sidney Crosby.
16:40 of 1st period - Stopped by Roberto Luongo without a rebound.
16:41 of 1st period - Daymond Langkow wins face-off versus Sidney Crosby in Bruins zone.
16:52 of 1st period - Snap shot by Daymond Langkow.
16:52 of 1st period - Stopped by Antti Niemi with a rebound.
17:03 of 1st period - Off-side.
17:04 of 1st period - Henrik Sedin wins face-off versus Shawn Horcoff in neutral zone.
17:56 of 1st period - Snap shot by Erik Gudbranson.
17:56 of 1st period - Stopped by Roberto Luongo with a rebound.
18:31 of 1st period - Backhand shot by Sidney Crosby.
18:31 of 1st period - Stopped by Roberto Luongo without a rebound.
18:32 of 1st period - Daymond Langkow wins face-off versus Sidney Crosby in Bruins zone.
18:32 of 1st period - Daymond Langkow is hit by Marian Hossa.
18:58 of 1st period - Adam Pineault is hit by Oliver Ekman-Larsson and loses puck.
19:06 of 1st period - Off-side.
19:07 of 1st period - Henrik Sedin wins face-off versus Sidney Crosby in neutral zone.
19:17 of 1st period - Wrist shot by Wojtek Wolski.
19:17 of 1st period - Stopped by Antti Niemi without a rebound.
19:18 of 1st period - Henrik Sedin wins face-off versus Sidney Crosby in Panthers zone.
19:25 of 1st period - Snap shot by Wojtek Wolski.
19:25 of 1st period - Shot Blocked by Steve Montador.
19:30 of 1st period - Minor Penalty to Guillaume Latendresse for Hooking.
19:31 of 1st period - Ryan Bayda wins face-off versus Henrik Sedin in Panthers zone.
Goals for this period are 0 for Panthers vs 0 for Bruins.
Shots for this period are 13 for Panthers vs 14 for Bruins.
2nd period
0:01 of 2nd period - Sidney Crosby wins face-off versus Henrik Sedin in neutral zone.
0:04 of 2nd period - Slapshot by Matthew Spiller.
0:04 of 2nd period - Stopped by Roberto Luongo with a rebound.
0:29 of 2nd period - Matthew Spiller is hit by Andrew Alberts and loses puck.
1:30 of 2nd period - Penalty to Guillaume Latendresse is over, Guillaume Latendresse is back on ice.
1:39 of 2nd period - Snap shot by Scott Gomez.
1:39 of 2nd period - Deflect By Dave Bolland.
1:39 of 2nd period - Stopped by Roberto Luongo with a rebound.
1:45 of 2nd period - Viktor Stalberg is hit by Sergei Samsonov and loses puck.
2:23 of 2nd period - Slapshot by Dave Bolland.
2:23 of 2nd period - Shot Blocked by Guillaume Latendresse.
2:25 of 2nd period - Slapshot by Jonathan Sigalet.
2:25 of 2nd period - Shot Blocked by Steve Montador.
2:27 of 2nd period - Backhand shot by Jonathan Sigalet.
2:27 of 2nd period - Deflect By Viktor Stalberg.
2:27 of 2nd period - Shot Blocked by Steve Montador.
2:27 of 2nd period - Puck is out of play.
2:28 of 2nd period - Mike Fisher wins face-off versus Henrik Sedin in Panthers zone.
2:35 of 2nd period - Mark Stuart is hit by Ryan Bayda.
2:39 of 2nd period - Ryan Bayda is hit by Henrik Sedin and loses puck.
2:54 of 2nd period - Matt Halischuk is hit by Mark Stuart and loses puck.
3:01 of 2nd period - Snap shot by Matt Cooke.
3:01 of 2nd period - Stopped by Antti Niemi with a rebound.
3:09 of 2nd period - Erik Gudbranson is hit by Andrew Alberts and loses puck.
3:22 of 2nd period - Minor Penalty to Ryan Bayda for Roughing.
3:23 of 2nd period - Henrik Sedin wins face-off versus Sidney Crosby in Panthers zone.
3:53 of 2nd period - Off-side.
3:54 of 2nd period - Curtis Glencross wins face-off versus Sidney Crosby in neutral zone.
4:48 of 2nd period - Wrist shot by Henrik Sedin.
4:48 of 2nd period - Stopped by Antti Niemi with a rebound.
5:06 of 2nd period - Sidney Crosby is hit by Adam Pineault and loses puck.
5:22 of 2nd period - Penalty to Ryan Bayda is over, Ryan Bayda is back on ice.
5:35 of 2nd period - Slapshot by Dave Bolland.
5:35 of 2nd period - Shot Misses the Net.
5:37 of 2nd period - Slapshot by Justin Falk.
5:37 of 2nd period - Deflect By Jeff Tambellini.
5:37 of 2nd period - Stopped by Antti Niemi without a rebound.
5:38 of 2nd period - Dave Bolland wins face-off versus Scott Gomez in Panthers zone.
6:39 of 2nd period - Wrist shot by Wojtek Wolski.
6:39 of 2nd period - Shot Misses the Net.
7:51 of 2nd period - Off-side.
7:52 of 2nd period - Sidney Crosby wins face-off versus Daymond Langkow in neutral zone.
7:54 of 2nd period - Off-side.
7:55 of 2nd period - Daymond Langkow wins face-off versus Sidney Crosby in neutral zone.
7:58 of 2nd period - Wrist shot by Matt Cooke.
7:58 of 2nd period - Shot Misses the Net.
8:04 of 2nd period - Snap shot by Guillaume Latendresse.
8:04 of 2nd period - Shot Blocked by Andrew Alberts.
8:06 of 2nd period - Snap shot by Sidney Crosby.
8:06 of 2nd period - Shot Blocked by Daymond Langkow.
8:08 of 2nd period - Snap shot by Guillaume Latendresse.
8:08 of 2nd period - Stopped by Roberto Luongo with a rebound.
8:10 of 2nd period - Slapshot by Guillaume Latendresse.
8:10 of 2nd period - Deflect By Sidney Crosby.
8:10 of 2nd period - Shot Misses the Net.
8:10 of 2nd period - Puck is out of play.
8:11 of 2nd period - Henrik Sedin wins face-off versus Scott Gomez in Bruins zone.
8:13 of 2nd period - Minor Penalty to Wojtek Wolski for Boarding.
8:14 of 2nd period - Daymond Langkow wins face-off versus Sidney Crosby in Bruins zone.
8:14 of 2nd period - Daymond Langkow is hit by Sidney Crosby.
10:13 of 2nd period - Penalty to Wojtek Wolski is over, Wojtek Wolski is back on ice.
10:19 of 2nd period - Backhand shot by Shawn Horcoff.
10:19 of 2nd period - Shot Blocked by Andrew Alberts.
10:21 of 2nd period - Backhand shot by Alexander Perezhogin.
10:21 of 2nd period - Goal by Alexander Perezhogin - Panthers : 1 - Bruins : 0.
10:22 of 2nd period - Scott Gomez wins face-off versus Henrik Sedin in neutral zone.
10:43 of 2nd period - Minor Penalty to Andrew Alberts for Hooking.
10:44 of 2nd period - Henrik Sedin wins face-off versus Sidney Crosby in Bruins zone.
10:44 of 2nd period - Henrik Sedin is hit by Steve Montador.
11:23 of 2nd period - Snap shot by Peter Prucha.
11:23 of 2nd period - Stopped by Roberto Luongo without a rebound.
11:24 of 2nd period - Sidney Crosby wins face-off versus Wojtek Wolski in Bruins zone.
11:55 of 2nd period - Slapshot by Sergei Samsonov.
11:55 of 2nd period - Shot Blocked by Justin Falk.
11:57 of 2nd period - Snap shot by Erik Gudbranson.
11:57 of 2nd period - Shot Misses the Net.
12:37 of 2nd period - Marian Hossa is hit by Daymond Langkow and loses puck.
12:43 of 2nd period - Penalty to Andrew Alberts is over, Andrew Alberts is back on ice.
12:50 of 2nd period - Nate Prosser is hit by Jeff Tambellini and loses puck.
12:59 of 2nd period - Slapshot by Nate Prosser.
12:59 of 2nd period - Shot Misses the Net.
13:01 of 2nd period - Minor Penalty to Jeff Tambellini for Tripping.
13:02 of 2nd period - Henrik Sedin wins face-off versus Sidney Crosby in Panthers zone.
13:03 of 2nd period - Snap shot by Wojtek Wolski.
13:03 of 2nd period - Stopped by Antti Niemi without a rebound.
13:04 of 2nd period - Sidney Crosby wins face-off versus Victor Oreskovich in Panthers zone.
13:48 of 2nd period - Andrew Alberts is hit by Scott Gomez and loses puck.
14:34 of 2nd period - Henrik Sedin is hit by Sidney Crosby and loses puck.
14:58 of 2nd period - Icing by Jason Demers.
14:59 of 2nd period - Mike Fisher wins face-off versus Matt Cooke in Bruins zone.
15:00 of 2nd period - Wrist shot by Ryan Bayda.
15:00 of 2nd period - Stopped by Roberto Luongo without a rebound.
15:01 of 2nd period - Penalty to Jeff Tambellini is over, Jeff Tambellini is back on ice.
15:01 of 2nd period - Matt Cooke wins face-off versus Peter Prucha in Bruins zone.
15:01 of 2nd period - Daniel Sedin is hit by Sergei Samsonov and loses puck.
15:45 of 2nd period - Nate Prosser is hit by Jeff Tambellini and loses puck.
15:50 of 2nd period - Snap shot by Curtis Glencross.
15:50 of 2nd period - Shot Misses the Net.
15:52 of 2nd period - Slapshot by Victor Oreskovich.
15:52 of 2nd period - Shot Misses the Net.
16:35 of 2nd period - Minor Penalty to Victor Oreskovich for Interference.
16:36 of 2nd period - Sidney Crosby wins face-off versus Wojtek Wolski in Bruins zone.
17:01 of 2nd period - Daymond Langkow is hit by Peter Prucha and loses puck.
17:10 of 2nd period - Wrist shot by Scott Gomez.
17:10 of 2nd period - Stopped by Roberto Luongo with a rebound.
17:12 of 2nd period - Snap shot by Sergei Samsonov.
17:12 of 2nd period - Goal by Sergei Samsonov - Panthers : 2 - Bruins : 0.
17:13 of 2nd period - Sidney Crosby wins face-off versus Henrik Sedin in neutral zone.
17:26 of 2nd period - Snap shot by Marian Hossa.
17:26 of 2nd period - Shot Blocked by Daniel Sedin.
17:28 of 2nd period - Slapshot by Steve Montador.
17:28 of 2nd period - Stopped by Roberto Luongo with a rebound.
18:19 of 2nd period - Alexander Perezhogin is hit by Wojtek Wolski and loses puck.
18:44 of 2nd period - Wrist shot by Marian Hossa.
18:44 of 2nd period - Shot Misses the Net.
18:46 of 2nd period - Slapshot by Nick Schultz.
18:46 of 2nd period - Shot Blocked by Justin Falk.
18:57 of 2nd period - Minor Penalty to Mike Fisher for Hooking.
18:58 of 2nd period - Sidney Crosby wins face-off versus Henrik Sedin in Panthers zone.
19:14 of 2nd period - Wrist shot by Wojtek Wolski.
19:14 of 2nd period - Shot Misses the Net.
19:26 of 2nd period - Wrist shot by Daniel Sedin.
19:26 of 2nd period - Deflect By Adam Pineault.
19:26 of 2nd period - Stopped by Antti Niemi with a rebound.
19:28 of 2nd period - Snap shot by Adam Pineault.
19:28 of 2nd period - Shot Misses the Net.
19:30 of 2nd period - Snap shot by Adam Pineault.
19:30 of 2nd period - Shot Misses the Net.
19:32 of 2nd period - Snap shot by Daniel Sedin.
19:32 of 2nd period - Shot Misses the Net.
19:34 of 2nd period - Snap shot by Mark Stuart.
19:34 of 2nd period - Goal by Mark Stuart - Panthers : 2 - Bruins : 1.
19:35 of 2nd period - Henrik Sedin wins face-off versus Scott Gomez in neutral zone.
19:46 of 2nd period - Snap shot by Peter Prucha.
19:46 of 2nd period - Stopped by Roberto Luongo with a rebound.
19:48 of 2nd period - Slapshot by Steve Montador.
19:48 of 2nd period - Shot Blocked by Henrik Sedin.
19:50 of 2nd period - Wrist shot by Steve Montador.
19:50 of 2nd period - Shot Blocked by Andrew Alberts.
Goals for this period are 2 for Panthers vs 1 for Bruins.
Shots for this period are 10 for Panthers vs 6 for Bruins.
3rd period
0:01 of 3rd period - Henrik Sedin wins face-off versus Sidney Crosby in neutral zone.
0:14 of 3rd period - Minor Penalty to Daniel Sedin for Tripping.
0:15 of 3rd period - Sidney Crosby wins face-off versus Wojtek Wolski in Bruins zone.
0:24 of 3rd period - Off-side.
0:25 of 3rd period - Sidney Crosby wins face-off versus Wojtek Wolski in neutral zone.
0:40 of 3rd period - Off-side.
0:41 of 3rd period - Wojtek Wolski wins face-off versus Sidney Crosby in neutral zone.
0:50 of 3rd period - Wrist shot by Guillaume Latendresse.
0:50 of 3rd period - Stopped by Roberto Luongo without a rebound.
0:51 of 3rd period - Wojtek Wolski wins face-off versus Sidney Crosby in Bruins zone.
2:14 of 3rd period - Penalty to Daniel Sedin is over, Daniel Sedin is back on ice.
3:07 of 3rd period - Dave Bolland is hit by Sergei Samsonov and loses puck.
3:22 of 3rd period - Snap shot by Alexander Perezhogin.
3:22 of 3rd period - Shot Misses the Net.
4:01 of 3rd period - Snap shot by Jonathan Sigalet.
4:01 of 3rd period - Shot Misses the Net.
4:55 of 3rd period - Viktor Stalberg is hit by Oliver Ekman-Larsson.
5:18 of 3rd period - Guillaume Latendresse is hit by Andrew Alberts.
5:21 of 3rd period - Icing by Sidney Crosby.
5:22 of 3rd period - Curtis Glencross wins face-off versus Sidney Crosby in Panthers zone.
5:23 of 3rd period - Slapshot by Victor Oreskovich.
5:23 of 3rd period - Stopped by Antti Niemi with a rebound.
5:25 of 3rd period - Slapshot by Mark Stuart.
5:25 of 3rd period - Deflect By Marian Hossa.
5:25 of 3rd period - Stopped by Antti Niemi without a rebound.
5:26 of 3rd period - Curtis Glencross wins face-off versus Sidney Crosby in Panthers zone.
5:27 of 3rd period - Snap shot by Matt Cooke.
5:27 of 3rd period - Stopped by Antti Niemi with a rebound.
6:23 of 3rd period - Snap shot by Mike Fisher.
6:23 of 3rd period - Shot Blocked by Mark Stuart.
6:25 of 3rd period - Slapshot by Erik Gudbranson.
6:25 of 3rd period - Stopped by Roberto Luongo with a rebound.
6:39 of 3rd period - Minor Penalty to Mark Stuart for Holding.
6:40 of 3rd period - Marian Hossa wins face-off versus Wojtek Wolski in Bruins zone.
7:08 of 3rd period - Icing by Scott Gomez.
7:09 of 3rd period - Wojtek Wolski wins face-off versus Scott Gomez in Panthers zone.
7:14 of 3rd period - Snap shot by Wojtek Wolski.
7:14 of 3rd period - Stopped by Antti Niemi with a rebound.
7:26 of 3rd period - Slapshot by Steve Montador.
7:26 of 3rd period - Stopped by Roberto Luongo with a rebound.
7:28 of 3rd period - Snap shot by Sidney Crosby.
7:28 of 3rd period - Stopped by Roberto Luongo without a rebound.
7:29 of 3rd period - Wojtek Wolski wins face-off versus Sidney Crosby in Bruins zone.
7:29 of 3rd period - Wojtek Wolski is hit by Matthew Spiller.
8:02 of 3rd period - Wrist shot by Sergei Samsonov.
8:02 of 3rd period - Stopped by Roberto Luongo without a rebound.
8:03 of 3rd period - Sidney Crosby wins face-off versus Wojtek Wolski in Bruins zone.
8:28 of 3rd period - Victor Oreskovich is hit by Scott Gomez and loses puck.
8:39 of 3rd period - Penalty to Mark Stuart is over, Mark Stuart is back on ice.
9:54 of 3rd period - Jonathan Sigalet is hit by Steve Montador and loses puck.
10:09 of 3rd period - Snap shot by Oliver Ekman-Larsson.
10:09 of 3rd period - Stopped by Roberto Luongo without a rebound.
10:10 of 3rd period - Sidney Crosby wins face-off versus Henrik Sedin in Bruins zone.
10:15 of 3rd period - Wrist shot by Sidney Crosby.
10:15 of 3rd period - Deflect By Marian Hossa.
10:15 of 3rd period - Shot Blocked by Nate Prosser.
10:15 of 3rd period - Puck is out of play.
10:16 of 3rd period - Henrik Sedin wins face-off versus Sidney Crosby in Bruins zone.
10:43 of 3rd period - Victor Oreskovich is hit by Peter Prucha and loses puck.
11:40 of 3rd period - Wrist shot by Victor Oreskovich.
11:40 of 3rd period - Stopped by Antti Niemi without a rebound.
11:41 of 3rd period - Curtis Glencross wins face-off versus Sidney Crosby in Panthers zone.
12:06 of 3rd period - Scott Gomez is hit by Henrik Sedin and loses puck.
12:27 of 3rd period - Snap shot by Viktor Stalberg.
12:27 of 3rd period - Stopped by Antti Niemi without a rebound.
12:28 of 3rd period - Dave Bolland wins face-off versus Sidney Crosby in Panthers zone.
12:31 of 3rd period - Wrist shot by Dave Bolland.
12:31 of 3rd period - Shot Misses the Net.
12:33 of 3rd period - Slapshot by Andrew Alberts.
12:33 of 3rd period - Stopped by Antti Niemi without a rebound.
12:34 of 3rd period - Dave Bolland wins face-off versus Marian Hossa in Panthers zone.
12:35 of 3rd period - Snap shot by Viktor Stalberg.
12:35 of 3rd period - Shot Blocked by Guillaume Latendresse.
12:37 of 3rd period - Snap shot by Erik Condra.
12:37 of 3rd period - Stopped by Antti Niemi with a rebound.
13:07 of 3rd period - Snap shot by Guillaume Latendresse.
13:07 of 3rd period - Shot Misses the Net.
13:09 of 3rd period - Snap shot by Sidney Crosby.
13:09 of 3rd period - Stopped by Roberto Luongo without a rebound.
13:10 of 3rd period - Scott Gomez wins face-off versus Henrik Sedin in Bruins zone.
13:50 of 3rd period - Minor Penalty to Victor Oreskovich for High sticking.
13:51 of 3rd period - Sidney Crosby wins face-off versus Wojtek Wolski in Bruins zone.
15:50 of 3rd period - Penalty to Victor Oreskovich is over, Victor Oreskovich is back on ice.
15:57 of 3rd period - Mark Stuart is hit by Alexander Perezhogin and loses puck.
16:09 of 3rd period - Minor Penalty to Viktor Stalberg for Hooking.
16:10 of 3rd period - Wojtek Wolski wins face-off versus Sidney Crosby in Bruins zone.
16:59 of 3rd period - Guillaume Latendresse is hit by Victor Oreskovich and loses puck.
17:14 of 3rd period - Wojtek Wolski is hit by Sidney Crosby and loses puck.
18:09 of 3rd period - Penalty to Viktor Stalberg is over, Viktor Stalberg is back on ice.
18:35 of 3rd period - Icing by Mark Stuart.
18:36 of 3rd period - Dave Bolland wins face-off versus Mike Fisher in Bruins zone.
18:49 of 3rd period - Matt Halischuk is hit by Erik Condra and loses puck.
18:52 of 3rd period - Bruins, Roberto Luongo is pulled from the net.
18:56 of 3rd period - Wrist shot by Viktor Stalberg.
18:56 of 3rd period - Stopped by Antti Niemi without a rebound.
18:57 of 3rd period - Randy Carlyle call a timeout for Bruins.
18:57 of 3rd period - Scott Gomez wins face-off versus Henrik Sedin in Panthers zone.
18:57 of 3rd period - Scott Gomez is hit by Henrik Sedin.
19:15 of 3rd period - Scott Gomez is hit by Henrik Sedin and loses puck.
19:21 of 3rd period - Wojtek Wolski is hit by Oliver Ekman-Larsson and loses puck.
19:49 of 3rd period - Snap shot by Wojtek Wolski.
19:49 of 3rd period - Shot Blocked by Oliver Ekman-Larsson.
19:57 of 3rd period - Snap shot by Henrik Sedin.
19:57 of 3rd period - Stopped by Antti Niemi with a rebound.
19:59 of 3rd period - Snap shot by Jason Demers.
19:59 of 3rd period - Shot Misses the Net.
Goals for this period are 0 for Panthers vs 0 for Bruins.
Shots for this period are 7 for Panthers vs 10 for Bruins.
Back to the Top